Hartford Whalers vs Philadelphia Flyers
Created - Thursday, January 22, 2026 at 07:56
Goals
|
| Hartford Whalers |
0 |
1 |
2 |
1 |
4 |
| Philadelphia Flyers |
0 |
3 |
0 |
0 |
3 |
|
Shots
|
| Hartford Whalers |
15 |
5 |
11 |
2 |
33 |
| Philadelphia Flyers |
4 |
20 |
12 |
2 |
38 |
|
1st period
No Goal
Penalties :
Simon Edvinsson (HFD) for Holding (Minor) at 1:15, Jack McBain (PHI) for Slashing (Minor) at 9:01
2nd period
1. Hartford Whalers , Sidney Crosby 2 (Pierre-Luc Dubois 4, Jordan Kyrou 2) at 0:06
2. Philadelphia Flyers , Jeff Skinner 1 (Radek Faksa 3) at 0:16
3. Philadelphia Flyers , Colton Sissons 7 (Jeff Skinner 4, Kirby Dach 7) at 1:38 (PP)
4. Philadelphia Flyers , Colton Sissons 8 (Brandon Duhaime 2) at 18:51 (SH)
Penalties :
Kaiden Guhle (HFD) for Tripping (Minor) at 1:25, Simon Edvinsson (HFD) for Tripping (Minor) at 10:50, Brandon Duhaime (PHI) for Tripping (Minor) at 16:17, Cole Guttman (PHI) for Slashing (Minor) at 18:37
3rd period
5. Hartford Whalers , Jordan Kyrou 4 (Pierre-Luc Dubois 5, Tyler Seguin 2) at 10:13 (PP)
6. Hartford Whalers , Frank Nazar 1 (Matthew Coronato 1, Tyler Seguin 3) at 18:57
Penalties :
Brandon Duhaime (PHI) for Tripping (Minor) at 9:57
Overtime #1
7. Hartford Whalers , Joshua Norris 2 (Anthony Cirelli 2) at 4:00
Penalties :
No Penalty
Goalie Stats
Samuel Montembeault (HFD), 35 saves from 38 shots - (0.921), W, 3-3-1, 63:56 minutes
Dennis Hildeby (PHI), 29 saves from 33 shots - (0.879), OTL, 2-0-1, 64:00 minutes
Players Stats for Hartford Whalers
Player Name G A P +/- PIM S H SB GA TA FO MP PP MP PK MP
------------------------------------------------------------------------------------
Anthony Cirelli 0 1 1 1 0 2 0 0 0 0 8/12 16:53 0:00 2:09
Braden Schneider 0 0 0 0 0 1 1 0 1 2 0/0 28:32 3:14 2:23
Devon Toews 0 0 0 1 0 2 1 2 0 0 0/0 18:18 2:59 0:00
Dylan Guenther 0 0 0 0 0 2 1 0 0 0 1/2 18:03 3:12 0:09
Frank Nazar 1 0 1 1 0 3 0 0 0 1 0/0 10:08 0:00 2:09
Jeff Petry 0 0 0 0 0 0 1 1 0 1 0/0 18:27 0:00 2:10
Jonathan Drouin 0 0 0 0 0 2 0 0 0 0 0/1 13:23 0:00 0:00
Jordan Kyrou 1 1 2 -1 0 5 1 0 0 2 1/1 17:42 3:01 0:00
Joshua Norris 1 0 1 1 0 3 2 0 1 1 5/6 16:43 0:00 1:53
Kaiden Guhle 0 0 0 0 2 0 1 2 1 2 0/0 22:16 3:14 1:48
Matthew Coronato 0 1 1 1 0 1 0 0 1 0 0/0 7:53 0:00 0:00
Nick Suzuki 0 0 0 0 0 4 0 0 1 0 8/16 18:50 3:12 0:00
Pierre-Luc Dubois 0 2 2 -1 0 3 3 1 0 0 0/2 17:46 3:01 0:09
Seth Jones 0 0 0 1 0 2 3 2 0 0 0/0 25:16 2:59 2:01
Sidney Crosby 1 0 1 0 0 2 0 1 0 0 9/22 18:54 3:12 0:00
Simon Edvinsson 0 0 0 0 4 1 2 1 0 0 0/0 15:39 0:00 0:00
Tyler Seguin 0 2 2 0 0 0 0 0 1 0 3/7 10:52 3:01 0:00
Tyson Foerster 0 0 0 0 0 0 1 1 1 0 0/0 16:11 0:00 1:53
Players Stats for Philadelphia Flyers
Player Name G A P +/- PIM S H SB GA TA FO MP PP MP PK MP
------------------------------------------------------------------------------------
Alex Steeves 0 0 0 0 0 1 3 0 0 0 4/11 12:56 0:00 0:00
Brandon Duhaime 0 1 1 1 4 3 2 0 0 0 0/1 13:41 0:00 1:59
Cody Glass 0 0 0 -1 0 7 0 1 1 1 6/14 15:37 2:16 0:00
Cole Guttman 0 0 0 0 2 3 0 0 0 2 1/2 15:23 0:00 0:32
Colton Sissons 2 0 2 0 0 3 3 0 1 0 8/14 18:34 1:55 3:10
Henri Jokiharju 0 0 0 0 0 0 0 0 0 0 0/0 15:48 0:09 0:00
J.J. Moser 0 0 0 1 0 3 0 1 0 0 0/0 24:03 2:15 3:07
Jack McBain 0 0 0 -1 2 0 2 0 0 0 1/1 13:57 0:00 1:47
Jeff Skinner 1 1 2 0 0 1 2 0 0 0 0/2 16:30 1:55 1:52
Joel Edmundson 0 0 0 -2 0 0 1 1 0 1 0/0 25:20 2:06 3:06
Kaapo Kakko 0 0 0 -1 0 1 5 0 0 0 0/0 16:09 2:16 0:20
Kirby Dach 0 1 1 -1 0 7 1 0 0 0 1/2 15:31 1:55 0:00
Nick Blankenburg 0 0 0 -1 0 2 1 0 0 1 0/0 24:14 1:56 3:07
Paul Cotter 0 0 0 0 0 2 1 0 6 0 0/1 12:45 0:00 0:00
Radek Faksa 0 1 1 0 0 1 2 0 0 0 13/21 15:36 0:00 2:46
Thomas Novak 0 0 0 0 0 2 0 0 1 1 0/0 15:04 2:16 0:00
Will Borgen 0 0 0 0 0 1 0 1 0 0 0/0 21:45 0:00 3:06
Zac Jones 0 0 0 0 0 1 0 2 0 1 0/0 16:50 1:56 0:00
3 Stars
1 - Colton Sissons (PHI)
2 - Jeff Skinner (PHI)
3 - Joshua Norris (HFD)
Power Play
Hartford Whalers - 1 on 4 Attempt(s) - 25.00%
Philadelphia Flyers - 1 on 3 Attempt(s) - 33.33%
Penalty Kill
Hartford Whalers - 2 on 3 Attempt(s) - 66.67%
- Score 0 goal in Penalty Kill
Philadelphia Flyers - 3 on 4 Attempt(s) - 75.00%
- Score 1 goal in Penalty Kill
Team Stat
Hartford Whalers - Hits : 17 - Faceoff Wins : 35 - Blocked Shots : 11 - Penalty Minutes : 6
Philadelphia Flyers - Hits : 23 - Faceoff Wins : 34 - Blocked Shots : 6 - Penalty Minutes : 8
Official
Referees : Mitch Dunning and Chris Lee
Linesman : James Tobias and Jonny Murray
Game Notes
8:13 of 1st period - Hartford Whalers goal is going for a video replay. After video review, No Goal. The puck has deflected directly into the net off by an official.
Finance
Level 1 -- Attendance: 5685 (94.75%) -- Ticket Income $517,335
Level 2 -- Attendance: 5000 (100.00%) -- Ticket Income $260,000
Level 3 -- Attendance: 2712 (90.40%) -- Ticket Income $75,936
Level 4 -- Attendance: 4589 (91.78%) -- Ticket Income $82,602
Luxury Box -- Attendance: 990 (99.00%) -- Ticket Income $188,100
Game was played at the Wells Fargo Center.
Total Attendance: 18976 (94.88%)
Total Ticket Income: $1,123,973
Other Income: $393,391
Total Income: $1,517,364
Hartford Whalers
5 vs 5 Forward
Center Left Wing Right Wing Time % Phy DF OF
1 Nick Suzuki Dylan Guenther Tyson Foerster 30 0 3 2
2 Sidney Crosby Pierre-Luc Dubois Jordan Kyrou 30 0 3 2
3 Anthony Cirelli Joshua Norris Jonathan Drouin 25 0 3 2
4 Tyler Seguin Matthew Coronato Frank Nazar 15 0 3 2
5 vs 5 Defense
Defense Defense Time % Phy DF OF
1 Kaiden Guhle Braden Schneider 30 1 3 1
2 Devon Toews Seth Jones 30 1 3 1
3 Simon Edvinsson Jeff Petry 25 1 3 1
4 Seth Jones Braden Schneider 15 1 3 1
PowerPlay Forward
Center Left Wing Right Wing Time % Phy DF OF
1 Sidney Crosby Dylan Guenther Nick Suzuki 50 0 1 4
2 Tyler Seguin Pierre-Luc Dubois Jordan Kyrou 50 0 1 4
PowerPlay Defense
Defense Defense Time % Phy DF OF
1 Devon Toews Seth Jones 50 1 1 3
2 Kaiden Guhle Braden Schneider 50 1 1 3
Penalty Kill 4 Players Forward
Center Wing Time % Phy DF OF
1 Joshua Norris Tyson Foerster 50 0 4 1
2 Anthony Cirelli Frank Nazar 50 0 4 1
Penalty Kill 4 Players Defense
Defense Defense Time % Phy DF OF
1 Kaiden Guhle Seth Jones 50 1 4 0
2 Braden Schneider Jeff Petry 50 1 4 0
Penalty Kill - 3 Players Forward
Forward Time % Phy DF OF
1 Joshua Norris 50 1 4 0
2 Anthony Cirelli 50 1 4 0
Penalty Kill - 3 Players Defense
Defense Defense Time % Phy DF OF
1 Seth Jones Braden Schneider 50 1 4 0
2 Kaiden Guhle Jeff Petry 50 1 4 0
4 vs 4 Forward
Center Wing Time % Phy DF OF
1 Sidney Crosby Nick Suzuki 50 0 3 2
2 Joshua Norris Anthony Cirelli 50 0 3 2
4 vs 4 Defense
Defense Defense Time % Phy DF OF
1 Devon Toews Seth Jones 50 0 3 2
2 Kaiden Guhle Braden Schneider 50 0 3 2
Last Minutes Offensive
Center Left Wing Right Wing Defense Defense
Sidney Crosby Dylan Guenther Nick Suzuki Devon Toews Seth Jones
Last Minutes Defensive
Center Left Wing Right Wing Defense Defense
Joshua Norris Tyson Foerster Anthony Cirelli Kaiden Guhle Braden Schneider
Goaltenders
Starting : Samuel Montembeault
Backup : Lukas Dostal
Extra Forwards
Normal : Dylan Guenther, Jordan Kyrou, Jonathan Drouin - PP : Dylan Guenther, Tyler Seguin - PK : Anthony Cirelli
Extra Defensemen
Normal : Braden Schneider, Kaiden Guhle, Seth Jones - PP : Devon Toews - PK : Kaiden Guhle, Braden Schneider
Penalty Shots
Tyler Seguin, Pierre-Luc Dubois, Frank Nazar, Sidney Crosby, Nick Suzuki
Scratches
Shakir Mukhamadullin (Healthy)
Philadelphia Flyers
5 vs 5 Forward
Center Left Wing Right Wing Time % Phy DF OF
1 Colton Sissons Kirby Dach Jack McBain 25 1 2 2
2 Cody Glass Kaapo Kakko Brandon Duhaime 25 1 2 2
3 Alex Steeves Thomas Novak Cole Guttman 25 1 2 2
4 Radek Faksa Jeff Skinner Paul Cotter 25 1 2 2
5 vs 5 Defense
Defense Defense Time % Phy DF OF
1 Joel Edmundson Nick Blankenburg 35 1 2 2
2 J.J. Moser Will Borgen 35 1 2 2
3 Zac Jones Henri Jokiharju 30 1 2 2
4 Joel Edmundson Nick Blankenburg 0 1 2 2
PowerPlay Forward
Center Left Wing Right Wing Time % Phy DF OF
1 Cody Glass Thomas Novak Kaapo Kakko 50 1 2 2
2 Colton Sissons Jeff Skinner Kirby Dach 50 1 2 2
PowerPlay Defense
Defense Defense Time % Phy DF OF
1 Nick Blankenburg Zac Jones 50 1 2 2
2 J.J. Moser Joel Edmundson 50 1 2 2
Penalty Kill 4 Players Forward
Center Wing Time % Phy DF OF
1 Colton Sissons Brandon Duhaime 50 1 2 2
2 Radek Faksa Jack McBain 50 1 2 2
Penalty Kill 4 Players Defense
Defense Defense Time % Phy DF OF
1 J.J. Moser Nick Blankenburg 50 1 2 2
2 Joel Edmundson Will Borgen 50 1 2 2
Penalty Kill - 3 Players Forward
Forward Time % Phy DF OF
1 Colton Sissons 50 1 2 2
2 Kaapo Kakko 50 1 2 2
Penalty Kill - 3 Players Defense
Defense Defense Time % Phy DF OF
1 J.J. Moser Nick Blankenburg 50 1 2 2
2 Joel Edmundson Will Borgen 50 1 2 2
4 vs 4 Forward
Center Wing Time % Phy DF OF
1 Colton Sissons Kirby Dach 50 1 2 2
2 Cody Glass Kaapo Kakko 50 1 2 2
4 vs 4 Defense
Defense Defense Time % Phy DF OF
1 Joel Edmundson Nick Blankenburg 50 1 2 2
2 J.J. Moser Will Borgen 50 1 2 2
Last Minutes Offensive
Center Left Wing Right Wing Defense Defense
Cody Glass Thomas Novak Kaapo Kakko Nick Blankenburg Zac Jones
Last Minutes Defensive
Center Left Wing Right Wing Defense Defense
Colton Sissons Radek Faksa Brandon Duhaime J.J. Moser Nick Blankenburg
Goaltenders
Starting : Dennis Hildeby
Backup : Jake Allen
Extra Forwards
Normal : Colton Sissons, Cody Glass, Kaapo Kakko - PP : Cody Glass, Colton Sissons - PK : Colton Sissons
Extra Defensemen
Normal : J.J. Moser, Nick Blankenburg, Joel Edmundson - PP : J.J. Moser - PK : J.J. Moser, Nick Blankenburg
Penalty Shots
Paul Cotter, Kirby Dach, Cody Glass, Thomas Novak, Radek Faksa
Scratches
Juuso Parssinen (Healthy), Miles Wood (Healthy), Josh Mahura (Healthy), Louis Crevier (Healthy), Dylan Roobroeck (Healthy)
% Time on Ice - Hartford Whalers
Lines # - Real PCT - Wanted PCT - Time Play
Normal Forward
1 - 29% - 30% - 14:34
2 - 29% - 30% - 14:14
3 - 26% - 25% - 12:55
4 - 16% - 15% - 7:53
Normal Defense
1 - 30% - 30% - 14:47
2 - 31% - 30% - 15:11
3 - 29% - 25% - 14:17
4 - 11% - 15% - 5:21
PP Forward
1 - 51% - 50% - 3:12
2 - 49% - 50% - 3:01
PP Defense
1 - 48% - 50% - 2:59
2 - 52% - 50% - 3:14
PK Forward
1 - 45% - 50% - 1:53
2 - 55% - 50% - 2:18
PK Defense
1 - 48% - 50% - 2:01
2 - 52% - 50% - 2:10
PK3 Forward
1 - 0% - 50%
2 - 0% - 50%
PK3 Defense
1 - 0% - 50%
2 - 0% - 50%
44 Forward
1 - 49% - 50% - 1:57
2 - 51% - 50% - 2:03
44 Defense
1 - 46% - 50% - 1:50
2 - 54% - 50% - 2:10
Last Minute Offensive - 0:00
Last Minute Defensive - 0:00
Total
Forward - 64:00
Defense - 64:00
|
% Time on Ice - Philadelphia Flyers
Lines # - Real PCT - Wanted PCT - Time Play
Normal Forward
1 - 24% - 25% - 11:59
2 - 24% - 25% - 11:56
3 - 26% - 25% - 12:56
4 - 26% - 25% - 12:45
Normal Defense
1 - 35% - 35% - 17:17
2 - 36% - 35% - 17:43
3 - 29% - 30% - 14:36
4 - 0% - 0% - 0:00
PP Forward
1 - 54% - 50% - 2:16
2 - 46% - 50% - 1:55
PP Defense
1 - 46% - 50% - 1:56
2 - 54% - 50% - 2:15
PK Forward
1 - 54% - 50% - 3:20
2 - 46% - 50% - 2:53
PK Defense
1 - 50% - 50% - 3:07
2 - 50% - 50% - 3:06
PK3 Forward
1 - 0% - 50%
2 - 0% - 50%
PK3 Defense
1 - 0% - 50%
2 - 0% - 50%
44 Forward
1 - 47% - 50% - 1:53
2 - 53% - 50% - 2:07
44 Defense
1 - 55% - 50% - 2:12
2 - 45% - 50% - 1:48
Last Minute Offensive - 0:00
Last Minute Defensive - 0:00
Total
Forward - 64:00
Defense - 64:00
|
Play-by-Play
1st period
0:01 of 1st period - Nick Suzuki wins face-off versus Colton Sissons in neutral zone.
0:23 of 1st period - Icing by Nick Blankenburg.
0:24 of 1st period - Sidney Crosby wins face-off versus Cody Glass in Philadelphia Flyers zone.
0:51 of 1st period - Joel Edmundson is hit by Joshua Norris and loses puck.
1:15 of 1st period - Minor Penalty to Simon Edvinsson for Holding.
1:16 of 1st period - Cody Glass wins face-off versus Joshua Norris in Hartford Whalers zone.
1:42 of 1st period - Kaiden Guhle is hit by Colton Sissons and loses puck.
3:13 of 1st period - Jeff Petry is hit by Kaapo Kakko and loses puck.
3:15 of 1st period - Penalty to Simon Edvinsson is over, Simon Edvinsson is back on ice.
3:32 of 1st period - Icing by J.J. Moser.
3:33 of 1st period - Sidney Crosby wins face-off versus Radek Faksa in Philadelphia Flyers zone.
4:51 of 1st period - Icing by Zac Jones.
4:52 of 1st period - Sidney Crosby wins face-off versus Alex Steeves in Philadelphia Flyers zone.
4:55 of 1st period - Slapshot by Jordan Kyrou.
4:55 of 1st period - Stopped by Dennis Hildeby with a rebound.
4:57 of 1st period - Slapshot by Seth Jones.
4:57 of 1st period - Shot Blocked by Zac Jones.
4:59 of 1st period - Slapshot by Devon Toews.
4:59 of 1st period - Stopped by Dennis Hildeby with a rebound.
5:07 of 1st period - Snap shot by Sidney Crosby.
5:07 of 1st period - Shot Misses the Net.
5:09 of 1st period - Slapshot by Devon Toews.
5:09 of 1st period - Stopped by Dennis Hildeby with a rebound.
5:51 of 1st period - Joshua Norris is hit by Colton Sissons and loses puck.
6:04 of 1st period - Paul Cotter is hit by Simon Edvinsson and loses puck.
6:09 of 1st period - Slapshot by Frank Nazar.
6:09 of 1st period - Stopped by Dennis Hildeby with a rebound.
6:11 of 1st period - Snap shot by Simon Edvinsson.
6:11 of 1st period - Shot Misses the Net.
6:53 of 1st period - Snap shot by Thomas Novak.
6:53 of 1st period - Shot Misses the Net.
6:55 of 1st period - Slapshot by J.J. Moser.
6:55 of 1st period - Stopped by Samuel Montembeault with a rebound.
6:57 of 1st period - Slapshot by J.J. Moser.
6:57 of 1st period - Shot Misses the Net.
6:59 of 1st period - Backhand shot by Thomas Novak.
6:59 of 1st period - Stopped by Samuel Montembeault without a rebound.
7:00 of 1st period - Cody Glass wins face-off versus Nick Suzuki in Hartford Whalers zone.
7:13 of 1st period - Wrist shot by Nick Suzuki.
7:13 of 1st period - Shot Misses the Net.
7:15 of 1st period - Slapshot by Tyson Foerster.
7:15 of 1st period - Shot Misses the Net.
7:27 of 1st period - Joshua Norris is hit by Alex Steeves and loses puck.
7:44 of 1st period - Anthony Cirelli is hit by Alex Steeves and loses puck.
7:55 of 1st period - Snap shot by Anthony Cirelli.
7:55 of 1st period - Shot Blocked by Zac Jones.
7:57 of 1st period - Wrist shot by Pierre-Luc Dubois.
7:57 of 1st period - Shot Misses the Net.
7:59 of 1st period - Slapshot by Seth Jones.
7:59 of 1st period - Stopped by Dennis Hildeby with a rebound.
8:01 of 1st period - Snap shot by Pierre-Luc Dubois.
8:01 of 1st period - Stopped by Dennis Hildeby without a rebound.
8:02 of 1st period - Colton Sissons wins face-off versus Sidney Crosby in Philadelphia Flyers zone.
8:09 of 1st period - Wrist shot by Pierre-Luc Dubois.
8:09 of 1st period - Shot Blocked by J.J. Moser.
8:11 of 1st period - Snap shot by Sidney Crosby.
8:11 of 1st period - Shot Misses the Net.
8:13 of 1st period - Snap shot by Jordan Kyrou.
8:13 of 1st period - Hartford Whalers goal is going for a video replay.
8:13 of 1st period - The goal is refused. The puck has deflected directly into the net off by an official..
8:14 of 1st period - Dylan Guenther wins face-off versus Cody Glass in Philadelphia Flyers zone.
8:17 of 1st period - Wrist shot by Dylan Guenther.
8:17 of 1st period - Stopped by Dennis Hildeby without a rebound.
8:18 of 1st period - Cody Glass wins face-off versus Nick Suzuki in Philadelphia Flyers zone.
8:47 of 1st period - Snap shot by Joshua Norris.
8:47 of 1st period - Stopped by Dennis Hildeby with a rebound.
8:49 of 1st period - Snap shot by Jeff Petry.
8:49 of 1st period - Shot Blocked by Will Borgen.
8:51 of 1st period - Slapshot by Simon Edvinsson.
8:51 of 1st period - Stopped by Dennis Hildeby with a rebound.
8:53 of 1st period - Snap shot by Jonathan Drouin.
8:53 of 1st period - Shot Misses the Net.
8:55 of 1st period - Snap shot by Anthony Cirelli.
8:55 of 1st period - Stopped by Dennis Hildeby with a rebound.
9:01 of 1st period - Minor Penalty to Jack McBain for Slashing.
9:02 of 1st period - Colton Sissons wins face-off versus Sidney Crosby in Philadelphia Flyers zone.
9:09 of 1st period - Dylan Guenther is hit by Nick Blankenburg and loses puck.
9:28 of 1st period - Devon Toews is hit by Jeff Skinner and loses puck.
11:01 of 1st period - Penalty to Jack McBain is over, Jack McBain is back on ice.
11:48 of 1st period - Nick Suzuki is hit by Jack McBain and loses puck.
12:39 of 1st period - Wrist shot by Alex Steeves.
12:39 of 1st period - Shot Misses the Net.
12:41 of 1st period - Snap shot by Cole Guttman.
12:41 of 1st period - Stopped by Samuel Montembeault with a rebound.
13:30 of 1st period - Pierre-Luc Dubois is hit by Jack McBain and loses puck.
13:40 of 1st period - Icing by Seth Jones.
13:41 of 1st period - Alex Steeves wins face-off versus Sidney Crosby in Hartford Whalers zone.
13:42 of 1st period - Slapshot by Thomas Novak.
13:42 of 1st period - Stopped by Samuel Montembeault without a rebound.
13:43 of 1st period - Nick Suzuki wins face-off versus Alex Steeves in Hartford Whalers zone.
13:49 of 1st period - Icing by Seth Jones.
13:50 of 1st period - Alex Steeves wins face-off versus Nick Suzuki in Hartford Whalers zone.
14:31 of 1st period - Snap shot by Thomas Novak.
14:31 of 1st period - Shot Blocked by Tyson Foerster.
15:28 of 1st period - Snap shot by Dylan Guenther.
15:28 of 1st period - Stopped by Dennis Hildeby with a rebound.
15:42 of 1st period - Alex Steeves is hit by Dylan Guenther and loses puck.
15:52 of 1st period - Icing by Alex Steeves.
15:53 of 1st period - Sidney Crosby wins face-off versus Alex Steeves in Philadelphia Flyers zone.
16:25 of 1st period - Off-side.
16:26 of 1st period - Anthony Cirelli wins face-off versus Jeff Skinner in neutral zone.
16:37 of 1st period - Wrist shot by Jonathan Drouin.
16:37 of 1st period - Stopped by Dennis Hildeby with a rebound.
16:39 of 1st period - Slapshot by Jeff Petry.
16:39 of 1st period - Shot Misses the Net.
17:21 of 1st period - Wrist shot by Jordan Kyrou.
17:21 of 1st period - Shot Misses the Net.
18:26 of 1st period - Icing by Jack McBain.
18:27 of 1st period - Anthony Cirelli wins face-off versus Radek Faksa in Philadelphia Flyers zone.
19:12 of 1st period - Snap shot by Frank Nazar.
19:12 of 1st period - Stopped by Dennis Hildeby with a rebound.
19:35 of 1st period - Wrist shot by Nick Suzuki.
19:35 of 1st period - Stopped by Dennis Hildeby with a rebound.
19:37 of 1st period - Slapshot by Seth Jones.
19:37 of 1st period - Deflect By Nick Suzuki.
19:37 of 1st period - Shot Misses the Net.
19:37 of 1st period - Puck is out of play.
19:38 of 1st period - Sidney Crosby wins face-off versus Colton Sissons in Philadelphia Flyers zone.
19:45 of 1st period - Snap shot by Kirby Dach.
19:45 of 1st period - Shot Misses the Net.
19:48 of 1st period - Icing by Devon Toews.
19:49 of 1st period - Sidney Crosby wins face-off versus Cody Glass in Hartford Whalers zone.
Goals for this period are 0 for Hartford Whalers vs 0 for Philadelphia Flyers.
Shots for this period are 15 for Hartford Whalers vs 4 for Philadelphia Flyers.
2nd period
0:01 of 2nd period - Jordan Kyrou wins face-off versus Kirby Dach in neutral zone.
0:06 of 2nd period - Snap shot by Sidney Crosby.
0:06 of 2nd period - Goal by Sidney Crosby - Hartford Whalers : 1 - Philadelphia Flyers : 0.
0:07 of 2nd period - Radek Faksa wins face-off versus Sidney Crosby in neutral zone.
0:16 of 2nd period - Wrist shot by Jeff Skinner.
0:16 of 2nd period - Goal by Jeff Skinner - Hartford Whalers : 1 - Philadelphia Flyers : 1.
0:17 of 2nd period - Kirby Dach wins face-off versus Nick Suzuki in neutral zone.
0:24 of 2nd period - Kaiden Guhle is hit by Kirby Dach and loses puck.
0:49 of 2nd period - Wrist shot by Pierre-Luc Dubois.
0:49 of 2nd period - Stopped by Dennis Hildeby with a rebound.
0:51 of 2nd period - Snap shot by Jordan Kyrou.
0:51 of 2nd period - Deflect By Sidney Crosby.
0:51 of 2nd period - Shot Misses the Net.
0:51 of 2nd period - Puck is out of play.
0:52 of 2nd period - Anthony Cirelli wins face-off versus Radek Faksa in Philadelphia Flyers zone.
1:25 of 2nd period - Minor Penalty to Kaiden Guhle for Tripping.
1:26 of 2nd period - Joshua Norris wins face-off versus Colton Sissons in Hartford Whalers zone.
1:34 of 2nd period - Wrist shot by Kirby Dach.
1:34 of 2nd period - Stopped by Samuel Montembeault with a rebound.
1:36 of 2nd period - Wrist shot by Jeff Skinner.
1:36 of 2nd period - Shot Misses the Net.
1:38 of 2nd period - Slapshot by Colton Sissons.
1:38 of 2nd period - Goal by Colton Sissons - Hartford Whalers : 1 - Philadelphia Flyers : 2.
1:39 of 2nd period - Colton Sissons wins face-off versus Nick Suzuki in neutral zone.
2:06 of 2nd period - Braden Schneider is hit by Brandon Duhaime.
2:14 of 2nd period - Slapshot by Jordan Kyrou.
2:14 of 2nd period - Stopped by Dennis Hildeby with a rebound.
2:16 of 2nd period - Snap shot by Pierre-Luc Dubois.
2:16 of 2nd period - Stopped by Dennis Hildeby with a rebound.
2:26 of 2nd period - Cody Glass is hit by Seth Jones and loses puck.
2:35 of 2nd period - Wrist shot by Cody Glass.
2:35 of 2nd period - Stopped by Samuel Montembeault without a rebound.
2:36 of 2nd period - Anthony Cirelli wins face-off versus Jeff Skinner in Hartford Whalers zone.
2:36 of 2nd period - Anthony Cirelli is hit by Radek Faksa.
3:36 of 2nd period - Snap shot by Pierre-Luc Dubois.
3:36 of 2nd period - Deflect By Sidney Crosby.
3:36 of 2nd period - Stopped by Dennis Hildeby with a rebound.
3:38 of 2nd period - Snap shot by Braden Schneider.
3:38 of 2nd period - Shot Misses the Net.
3:53 of 2nd period - Snap shot by Brandon Duhaime.
3:53 of 2nd period - Deflect By Kaapo Kakko.
3:53 of 2nd period - Shot Misses the Net.
3:53 of 2nd period - Puck is out of play.
3:54 of 2nd period - Joshua Norris wins face-off versus Cody Glass in Hartford Whalers zone.
4:09 of 2nd period - Henri Jokiharju is hit by Simon Edvinsson and loses puck.
4:20 of 2nd period - Snap shot by Kaapo Kakko.
4:20 of 2nd period - Shot Misses the Net.
4:22 of 2nd period - Snap shot by Kaapo Kakko.
4:22 of 2nd period - Deflect By Nick Suzuki.
4:22 of 2nd period - Stopped by Samuel Montembeault with a rebound.
4:24 of 2nd period - Snap shot by Cody Glass.
4:24 of 2nd period - Shot Misses the Net.
4:32 of 2nd period - Backhand shot by Brandon Duhaime.
4:32 of 2nd period - Shot Misses the Net.
4:34 of 2nd period - Slapshot by Nick Blankenburg.
4:34 of 2nd period - Stopped by Samuel Montembeault with a rebound.
4:36 of 2nd period - Slapshot by Nick Blankenburg.
4:36 of 2nd period - Deflect By Cody Glass.
4:36 of 2nd period - Shot Misses the Net.
4:36 of 2nd period - Puck is out of play.
4:37 of 2nd period - Radek Faksa wins face-off versus Sidney Crosby in Hartford Whalers zone.
4:54 of 2nd period - Slapshot by Pierre-Luc Dubois.
4:54 of 2nd period - Shot Misses the Net.
5:31 of 2nd period - Snap shot by Nick Blankenburg.
5:31 of 2nd period - Shot Blocked by Seth Jones.
6:27 of 2nd period - Jack McBain is hit by Joshua Norris.
6:33 of 2nd period - Snap shot by Jack McBain.
6:33 of 2nd period - Shot Misses the Net.
6:36 of 2nd period - Icing by Jonathan Drouin.
6:37 of 2nd period - Radek Faksa wins face-off versus Anthony Cirelli in Hartford Whalers zone.
7:04 of 2nd period - Snap shot by Kirby Dach.
7:04 of 2nd period - Stopped by Samuel Montembeault without a rebound.
7:05 of 2nd period - Nick Suzuki wins face-off versus Colton Sissons in Hartford Whalers zone.
7:38 of 2nd period - Snap shot by Kirby Dach.
7:38 of 2nd period - Stopped by Samuel Montembeault with a rebound.
7:40 of 2nd period - Snap shot by Colton Sissons.
7:40 of 2nd period - Shot Blocked by Devon Toews.
7:42 of 2nd period - Snap shot by Kirby Dach.
7:42 of 2nd period - Stopped by Samuel Montembeault without a rebound.
7:43 of 2nd period - Alex Steeves wins face-off versus Sidney Crosby in Hartford Whalers zone.
7:52 of 2nd period - Wrist shot by Cole Guttman.
7:52 of 2nd period - Stopped by Samuel Montembeault without a rebound.
7:53 of 2nd period - Alex Steeves wins face-off versus Sidney Crosby in Hartford Whalers zone.
8:12 of 2nd period - Slapshot by Cole Guttman.
8:12 of 2nd period - Stopped by Samuel Montembeault with a rebound.
8:14 of 2nd period - Slapshot by Thomas Novak.
8:14 of 2nd period - Deflect By Alex Steeves.
8:14 of 2nd period - Stopped by Samuel Montembeault without a rebound.
8:15 of 2nd period - Radek Faksa wins face-off versus Anthony Cirelli in Hartford Whalers zone.
8:40 of 2nd period - Brandon Duhaime is hit by Tyson Foerster and loses puck.
8:49 of 2nd period - Slapshot by Brandon Duhaime.
8:49 of 2nd period - Stopped by Samuel Montembeault without a rebound.
8:50 of 2nd period - Sidney Crosby wins face-off versus Radek Faksa in Hartford Whalers zone.
9:07 of 2nd period - Snap shot by Sidney Crosby.
9:07 of 2nd period - Shot Misses the Net.
10:09 of 2nd period - Wrist shot by Cody Glass.
10:09 of 2nd period - Stopped by Samuel Montembeault without a rebound.
10:10 of 2nd period - Radek Faksa wins face-off versus Pierre-Luc Dubois in Hartford Whalers zone.
10:17 of 2nd period - Wrist shot by Paul Cotter.
10:17 of 2nd period - Stopped by Samuel Montembeault with a rebound.
10:19 of 2nd period - Snap shot by Paul Cotter.
10:19 of 2nd period - Stopped by Samuel Montembeault without a rebound.
10:20 of 2nd period - Sidney Crosby wins face-off versus Paul Cotter in Hartford Whalers zone.
10:50 of 2nd period - Minor Penalty to Simon Edvinsson for Tripping.
10:51 of 2nd period - Joshua Norris wins face-off versus Cody Glass in Hartford Whalers zone.
11:03 of 2nd period - Snap shot by Cody Glass.
11:03 of 2nd period - Shot Blocked by Jeff Petry.
11:05 of 2nd period - Wrist shot by Cody Glass.
11:05 of 2nd period - Stopped by Samuel Montembeault with a rebound.
11:07 of 2nd period - Wrist shot by J.J. Moser.
11:07 of 2nd period - Stopped by Samuel Montembeault without a rebound.
11:08 of 2nd period - Joshua Norris wins face-off versus Colton Sissons in Hartford Whalers zone.
11:45 of 2nd period - Tyson Foerster is hit by Kaapo Kakko and loses puck.
12:50 of 2nd period - Penalty to Simon Edvinsson is over, Simon Edvinsson is back on ice.
13:39 of 2nd period - Icing by Seth Jones.
13:40 of 2nd period - Sidney Crosby wins face-off versus Radek Faksa in Hartford Whalers zone.
13:47 of 2nd period - Wrist shot by Paul Cotter.
13:47 of 2nd period - Shot Blocked by Devon Toews.
13:49 of 2nd period - Snap shot by Paul Cotter.
13:49 of 2nd period - Deflect By Seth Jones.
13:49 of 2nd period - Shot Blocked by Seth Jones.
13:49 of 2nd period - Puck is out of play.
13:50 of 2nd period - Cody Glass wins face-off versus Tyler Seguin in Hartford Whalers zone.
14:06 of 2nd period - Off-side.
14:07 of 2nd period - Anthony Cirelli wins face-off versus Alex Steeves in neutral zone.
14:58 of 2nd period - Off-side.
14:59 of 2nd period - Colton Sissons wins face-off versus Sidney Crosby in neutral zone.
15:14 of 2nd period - Colton Sissons is hit by Pierre-Luc Dubois and loses puck.
15:41 of 2nd period - Slapshot by Nick Blankenburg.
15:41 of 2nd period - Stopped by Samuel Montembeault without a rebound.
15:42 of 2nd period - Anthony Cirelli wins face-off versus Alex Steeves in Hartford Whalers zone.
15:57 of 2nd period - Snap shot by Joshua Norris.
15:57 of 2nd period - Shot Misses the Net.
15:59 of 2nd period - Wrist shot by Braden Schneider.
15:59 of 2nd period - Shot Hit the Post.
16:09 of 2nd period - Tyson Foerster is hit by Kaapo Kakko and loses puck.
16:17 of 2nd period - Minor Penalty to Brandon Duhaime for Tripping.
16:18 of 2nd period - Colton Sissons wins face-off versus Pierre-Luc Dubois in Philadelphia Flyers zone.
16:18 of 2nd period - Colton Sissons is hit by Devon Toews.
17:54 of 2nd period - Dylan Guenther is hit by Kaapo Kakko and loses puck.
18:17 of 2nd period - Penalty to Brandon Duhaime is over, Brandon Duhaime is back on ice.
18:37 of 2nd period - Minor Penalty to Cole Guttman for Slashing.
18:38 of 2nd period - Jack McBain wins face-off versus Tyler Seguin in Philadelphia Flyers zone.
18:51 of 2nd period - Slapshot by Colton Sissons.
18:51 of 2nd period - Goal by Colton Sissons - Hartford Whalers : 1 - Philadelphia Flyers : 3.
18:52 of 2nd period - Tyler Seguin wins face-off versus Radek Faksa in neutral zone.
Goals for this period are 1 for Hartford Whalers vs 3 for Philadelphia Flyers.
Shots for this period are 5 for Hartford Whalers vs 20 for Philadelphia Flyers.
3rd period
0:01 of 3rd period - Radek Faksa wins face-off versus Sidney Crosby in neutral zone.
0:22 of 3rd period - Snap shot by Colton Sissons.
0:22 of 3rd period - Shot Misses the Net.
0:24 of 3rd period - Slapshot by Colton Sissons.
0:24 of 3rd period - Stopped by Samuel Montembeault with a rebound.
0:37 of 3rd period - Penalty to Cole Guttman is over, Cole Guttman is back on ice.
0:52 of 3rd period - Off-side.
0:53 of 3rd period - Anthony Cirelli wins face-off versus Cody Glass in neutral zone.
1:47 of 3rd period - Snap shot by Joshua Norris.
1:47 of 3rd period - Stopped by Dennis Hildeby with a rebound.
1:57 of 3rd period - Snap shot by Jonathan Drouin.
1:57 of 3rd period - Stopped by Dennis Hildeby without a rebound.
1:58 of 3rd period - Nick Suzuki wins face-off versus Radek Faksa in Philadelphia Flyers zone.
2:03 of 3rd period - Snap shot by Nick Suzuki.
2:03 of 3rd period - Stopped by Dennis Hildeby with a rebound.
3:33 of 3rd period - Off-side.
3:34 of 3rd period - Radek Faksa wins face-off versus Dylan Guenther in neutral zone.
3:37 of 3rd period - Dylan Guenther is hit by Paul Cotter and loses puck.
4:24 of 3rd period - Wrist shot by Cody Glass.
4:24 of 3rd period - Stopped by Samuel Montembeault with a rebound.
4:26 of 3rd period - Snap shot by Kirby Dach.
4:26 of 3rd period - Stopped by Samuel Montembeault without a rebound.
4:27 of 3rd period - Nick Suzuki wins face-off versus Colton Sissons in Hartford Whalers zone.
4:42 of 3rd period - Backhand shot by Colton Sissons.
4:42 of 3rd period - Deflect By Kirby Dach.
4:42 of 3rd period - Stopped by Samuel Montembeault with a rebound.
4:52 of 3rd period - Joel Edmundson is hit by Jordan Kyrou.
5:16 of 3rd period - Wrist shot by Brandon Duhaime.
5:16 of 3rd period - Stopped by Samuel Montembeault with a rebound.
5:18 of 3rd period - Slapshot by Cody Glass.
5:18 of 3rd period - Shot Blocked by Kaiden Guhle.
5:20 of 3rd period - Snap shot by Brandon Duhaime.
5:20 of 3rd period - Stopped by Samuel Montembeault with a rebound.
6:18 of 3rd period - Braden Schneider is hit by Radek Faksa and loses puck.
7:46 of 3rd period - Icing by Simon Edvinsson.
7:47 of 3rd period - Tyler Seguin wins face-off versus Radek Faksa in Hartford Whalers zone.
7:52 of 3rd period - Will Borgen is hit by Jeff Petry and loses puck.
8:12 of 3rd period - Jeff Petry is hit by Brandon Duhaime and loses puck.
8:33 of 3rd period - Slapshot by Zac Jones.
8:33 of 3rd period - Shot Misses the Net.
9:02 of 3rd period - Icing by Thomas Novak.
9:03 of 3rd period - Nick Suzuki wins face-off versus Alex Steeves in Philadelphia Flyers zone.
9:12 of 3rd period - Wrist shot by Nick Suzuki.
9:12 of 3rd period - Stopped by Dennis Hildeby with a rebound.
9:26 of 3rd period - Wrist shot by Thomas Novak.
9:26 of 3rd period - Shot Misses the Net.
9:28 of 3rd period - Wrist shot by Thomas Novak.
9:28 of 3rd period - Shot Misses the Net.
9:32 of 3rd period - Snap shot by Thomas Novak.
9:32 of 3rd period - Shot Blocked by Simon Edvinsson.
9:34 of 3rd period - Slapshot by Will Borgen.
9:34 of 3rd period - Deflect By Cole Guttman.
9:34 of 3rd period - Shot Misses the Net.
9:34 of 3rd period - Puck is out of play.
9:35 of 3rd period - Cody Glass wins face-off versus Sidney Crosby in Hartford Whalers zone.
9:38 of 3rd period - Wrist shot by Cody Glass.
9:38 of 3rd period - Stopped by Samuel Montembeault with a rebound.
9:43 of 3rd period - Sidney Crosby is hit by Kaapo Kakko and loses puck.
9:57 of 3rd period - Minor Penalty to Brandon Duhaime for Tripping.
9:58 of 3rd period - Radek Faksa wins face-off versus Tyler Seguin in Philadelphia Flyers zone.
10:13 of 3rd period - Wrist shot by Jordan Kyrou.
10:13 of 3rd period - Goal by Jordan Kyrou - Hartford Whalers : 2 - Philadelphia Flyers : 3.
10:14 of 3rd period - Radek Faksa wins face-off versus Nick Suzuki in neutral zone.
10:22 of 3rd period - Snap shot by Nick Suzuki.
10:22 of 3rd period - Stopped by Dennis Hildeby without a rebound.
10:23 of 3rd period - Radek Faksa wins face-off versus Nick Suzuki in Philadelphia Flyers zone.
10:23 of 3rd period - Radek Faksa is hit by Braden Schneider.
10:31 of 3rd period - Slapshot by Radek Faksa.
10:31 of 3rd period - Stopped by Samuel Montembeault without a rebound.
10:32 of 3rd period - Colton Sissons wins face-off versus Nick Suzuki in Hartford Whalers zone.
11:07 of 3rd period - Slapshot by Zac Jones.
11:07 of 3rd period - Shot Blocked by Sidney Crosby.
11:09 of 3rd period - Slapshot by Zac Jones.
11:09 of 3rd period - Shot Blocked by Pierre-Luc Dubois.
11:11 of 3rd period - Slapshot by Zac Jones.
11:11 of 3rd period - Shot Blocked by Kaiden Guhle.
11:23 of 3rd period - Wrist shot by Cody Glass.
11:23 of 3rd period - Shot Misses the Net.
11:46 of 3rd period - Icing by Nick Blankenburg.
11:47 of 3rd period - Nick Suzuki wins face-off versus Cole Guttman in Philadelphia Flyers zone.
11:54 of 3rd period - Wrist shot by Dylan Guenther.
11:54 of 3rd period - Shot Misses the Net.
11:56 of 3rd period - Slapshot by Seth Jones.
11:56 of 3rd period - Stopped by Dennis Hildeby without a rebound.
11:57 of 3rd period - Radek Faksa wins face-off versus Sidney Crosby in Philadelphia Flyers zone.
12:07 of 3rd period - Off-side.
12:08 of 3rd period - Colton Sissons wins face-off versus Sidney Crosby in neutral zone.
12:18 of 3rd period - Colton Sissons is hit by Pierre-Luc Dubois.
12:34 of 3rd period - Cody Glass is hit by Seth Jones and loses puck.
13:16 of 3rd period - Simon Edvinsson is hit by Alex Steeves and loses puck.
13:42 of 3rd period - Slapshot by Jordan Kyrou.
13:42 of 3rd period - Stopped by Dennis Hildeby without a rebound.
13:43 of 3rd period - Nick Suzuki wins face-off versus Brandon Duhaime in Philadelphia Flyers zone.
14:19 of 3rd period - Nick Blankenburg is hit by Pierre-Luc Dubois.
15:02 of 3rd period - Slapshot by Thomas Novak.
15:02 of 3rd period - Shot Misses the Net.
16:04 of 3rd period - Wrist shot by Kirby Dach.
16:04 of 3rd period - Stopped by Samuel Montembeault with a rebound.
16:06 of 3rd period - Snap shot by Jack McBain.
16:06 of 3rd period - Shot Misses the Net.
16:20 of 3rd period - Snap shot by Tyler Seguin.
16:20 of 3rd period - Shot Misses the Net.
16:22 of 3rd period - Slapshot by Braden Schneider.
16:22 of 3rd period - Stopped by Dennis Hildeby without a rebound.
16:23 of 3rd period - Tyler Seguin wins face-off versus Alex Steeves in Philadelphia Flyers zone.
16:34 of 3rd period - Backhand shot by Matthew Coronato.
16:34 of 3rd period - Stopped by Dennis Hildeby with a rebound.
17:28 of 3rd period - Tyson Foerster is hit by Joel Edmundson and loses puck.
18:43 of 3rd period - Off-side.
18:44 of 3rd period - Radek Faksa wins face-off versus Tyler Seguin in neutral zone.
18:53 of 3rd period - Hartford Whalers, Samuel Montembeault is pulled from the net.
18:55 of 3rd period - Snap shot by Tyler Seguin.
18:55 of 3rd period - Shot Misses the Net.
18:57 of 3rd period - Wrist shot by Matthew Coronato.
18:57 of 3rd period - Deflect By Frank Nazar.
18:57 of 3rd period - Goal by Frank Nazar - Hartford Whalers : 3 - Philadelphia Flyers : 3.
18:57 of 3rd period - Samuel Montembeault from Hartford Whalers was sent back in the game.
18:58 of 3rd period - Radek Faksa wins face-off versus Anthony Cirelli in neutral zone.
19:36 of 3rd period - Slapshot by Zac Jones.
19:36 of 3rd period - Shot Misses the Net.
19:38 of 3rd period - Slapshot by Zac Jones.
19:38 of 3rd period - Stopped by Samuel Montembeault without a rebound.
19:39 of 3rd period - Cody Glass wins face-off versus Anthony Cirelli in Hartford Whalers zone.
19:42 of 3rd period - Wrist shot by Cody Glass.
19:42 of 3rd period - Stopped by Samuel Montembeault with a rebound.
19:44 of 3rd period - Slapshot by Cody Glass.
19:44 of 3rd period - Stopped by Samuel Montembeault without a rebound.
19:45 of 3rd period - Anthony Cirelli wins face-off versus Cody Glass in Hartford Whalers zone.
19:56 of 3rd period - Brandon Duhaime is hit by Seth Jones and loses puck.
Goals for this period are 2 for Hartford Whalers vs 0 for Philadelphia Flyers.
Shots for this period are 11 for Hartford Whalers vs 12 for Philadelphia Flyers.
Overtime #1
0:01 of 1st overtime period - Colton Sissons wins face-off versus Sidney Crosby in neutral zone.
1:44 of 1st overtime period - Joel Edmundson is hit by Kaiden Guhle and loses puck.
1:55 of 1st overtime period - Kaiden Guhle is hit by Colton Sissons and loses puck.
2:08 of 1st overtime period - Slapshot by Will Borgen.
2:08 of 1st overtime period - Stopped by Samuel Montembeault with a rebound.
2:14 of 1st overtime period - Jordan Kyrou is hit by Jeff Skinner and loses puck.
3:16 of 1st overtime period - Off-side.
3:17 of 1st overtime period - Cole Guttman wins face-off versus Jonathan Drouin in neutral zone.
3:20 of 1st overtime period - Backhand shot by J.J. Moser.
3:20 of 1st overtime period - Stopped by Samuel Montembeault with a rebound.
3:26 of 1st overtime period - Slapshot by Pierre-Luc Dubois.
3:26 of 1st overtime period - Shot Misses the Net.
3:28 of 1st overtime period - Backhand shot by Simon Edvinsson.
3:28 of 1st overtime period - Shot Blocked by Cody Glass.
3:32 of 1st overtime period - Slapshot by Pierre-Luc Dubois.
3:32 of 1st overtime period - Shot Misses the Net.
3:52 of 1st overtime period - Snap shot by Anthony Cirelli.
3:52 of 1st overtime period - Stopped by Dennis Hildeby without a rebound.
3:53 of 1st overtime period - Joshua Norris wins face-off versus Cody Glass in Philadelphia Flyers zone.
3:58 of 1st overtime period - Slapshot by Joshua Norris.
3:58 of 1st overtime period - Shot Blocked by Joel Edmundson.
4:00 of 1st overtime period - Snap shot by Joshua Norris.
4:00 of 1st overtime period - Goal by Joshua Norris - Hartford Whalers : 4 - Philadelphia Flyers : 3.
Goals for this period are 1 for Hartford Whalers vs 0 for Philadelphia Flyers.
Shots for this period are 2 for Hartford Whalers vs 2 for Philadelphia Flyers.
Back to the Top